 Dungeon Crawl Stone Soup version 0.31-a0-705-ga145531891 (webtiles) character file.

Game seed: 13151893381472824254

5 qw the Shooter (level 1, 0/12 HPs)
             Began as a Gargoyle Hunter on Sept 9, 2023.
             Slain by a jackal (1 damage)
             ... on level 1 of the Dungeon.
             The game lasted 00:00:03 (125 turns).

qw the Shooter (Gargoyle Hunter)                     Turns: 125, Time: 00:00:03

Health: 0/12       AC:  5    Str: 14    XL:     1   Next: 80%
Magic:  1/1        EV: 11    Int:  9    God:
Gold:   15         SH:  0    Dex: 13    Spells: 0/0 levels left

rFire   . . .        a - +0 shortbow
rCold   . . .        (shield currently unavailable)
rNeg    + . .        c - +0 leather armour
rPois   inf          (no helmet)
rElec   +            (no cloak)
rCorr   .            (no gloves)
SInv    .            (no boots)
Will    .....        (no amulet)
Stlth   +            (no ring)
HPRegen 0.22/turn    (no ring)
MPRegen 0.07/turn

%: no passive effects
@: no status effects
A: sickness immunity, AC +2, negative energy resistance 1, electricity
resistance, torment resistance 1, petrification resistance
a: no special abilities


You were on level 1 of the Dungeon.
You visited 1 branch of the dungeon, and saw 1 of its levels.

You collected 15 gold pieces.


Innate Abilities, Weirdness & Mutations

You are immune to sickness and miasma.
Your stone body is resilient. (AC +2)
You are immune to poison.
You resist negative energy. (rN+)
You are resistant to electric shocks. (rElec)
You are resistant to unholy torment.
You are immune to petrification.


   Skills:
 - Level 2.1 Fighting
 + Level 4.3 Ranged Weapons
 - Level 1.5 Dodging
 - Level 1.1 Stealth


You couldn't memorise any spells.
You didn't know any spells.
Your spell library was empty.

Inventory:

Hand Weapons
 a - a +0 shortbow (weapon)
Armour
 c - a +0 leather armour (worn)
Scrolls
 b - a scroll of butterflies
Potions
 d - a potion of cancellation {unknown}

Dungeon Overview and Level Annotations

Branches:
Dungeon (1/15)

Altars:


Message History

Things that are here:
a +0 short sword; 5 stones
Found a stone staircase leading down.
You now have 15 gold pieces.
A bat comes into view.
You shoot an arrow. The arrow hits the bat.
The bat is moderately wounded.
You shoot an arrow. The arrow hits the bat.
You kill the bat!
A jackal and an endoplasm come into view.
The jackal barks!
The endoplasm quivers.
A jackal comes into view.
A frilled lizard comes into view.
You shoot an arrow. The arrow closely misses the jackal.
A quokka comes into view.
You shoot an arrow. The arrow closely misses the jackal.
The arrow hits the jackal.
The jackal is moderately wounded.
You shoot an arrow. The arrow barely misses the jackal.
A jackal comes into view.
You shoot an arrow. The arrow closely misses the jackal.
The jackal barely misses you. x2; The jackal bites you.
A goblin comes into view. It is wielding a +0 dagger.
Enter note:
121 |||
Found retreat position at 1,0 (floor) with 0 blocking monsters and 1 monsters attacking at destination at distance 1
Enter note:
121 ||| Stepping ~*~*~tactically~*~*~ (retreating).
The jackal attacks as it pursues you! The jackal bites you.
You shoot an arrow. The arrow hits the jackal!
You kill the jackal!
The jackal bites you but does no damage.
The quokka bites you but does no damage.
You shoot an arrow. The arrow barely misses the quokka.
The jackal bites you. The quokka bites you. The jackal closely misses you.
You shoot an arrow. The arrow closely misses the quokka.
You hear a shout!
The quokka bites you. The jackal bites you. The quokka barely misses you.
You shoot an arrow. The arrow closely misses the quokka.
The jackal bites you.
You die...

#....%.#.#..#####
.#.....
#......#.#..##
.......
#........#...####
#.....
#......####......
#....
#......##........
#....
#..........#.....
..#....
#.........#######
.......##.........#
#hh@.##.###..#
#l##r...#....# #.
.....#.##.#
.l..###..>....#
..... ##........
.....# #...#.##..
...... #...#.. ...
#g..#.# #####.. ..


You could see a quokka, 2 jackals and a frilled lizard.

Vanquished Creatures
  A bat (D:1)
  A jackal (D:1)
  A ball python (D:1)
  2 kobolds (D:1)
  A rat (D:1)
6 creatures vanquished.

Notes
Turn   | Place    | Note
-------+----------+-------------------------------------------
     0 | D:1      | qw the Gargoyle Hunter began the quest for the Orb.
     0 | D:1      | Reached XP level 1. HP: 12/12 MP: 1/1
     0 | D:1      | 0 ||| qw: Version: 0.3-a-80-g6052c40
     0 | D:1      | 0 ||| qw: Game counter: 1330
     0 | D:1      | 0 ||| qw: Melee chars always use a shield: true
     0 | D:1      | 0 ||| qw: God list: Okawaru
     0 | D:1      | 0 ||| qw: Allow faded altars: false
     0 | D:1      | 0 ||| qw: Do Orc after clearing Dungeon:15 true
     0 | D:1      | 0 ||| qw: Do second Lair branch before Depths: true
     0 | D:1      | 0 ||| qw: Lair rune preference: random
     0 | D:1      | 0 ||| qw: Goals: Normal
     0 | D:1      | 0 ||| PLANNING D:1-11
   121 | D:1      | 121 ||| Stepping ~*~*~tactically~*~*~ (retreating).
   124 | D:1      | HP: 2/12 [quokka (3)]
   125 | D:1      | Slain by a jackal

Levels and vault maps discovered:
D:1:      saegor_arrival_simple_d, layout_basic

Action                     || total
---------------------------++-------
   Fire: Shortbow          ||    14
 Armour: Leather armour    ||     9
  Dodge: Dodged            ||     4

Table legend:
 A = Non-vault XP
 B = Vault XP
 C = Vault XP percentage of total XP
 D = Non-vault monster count
 E = Vault monster count
 F = Vault count percentage of total count
                 A         B        C        D         E       F
            +---------+---------+-------+---------+---------+-------
      Total |       8 |       0 |   0.0 |       6 |       0 |   0.0
            +---------+---------+-------+---------+---------+-------
        D:1 |       8 |       0 |   0.0 |       6 |       0 |   0.0
            +---------+---------+-------+---------+---------+-------
